 Dungeon Crawl Stone Soup version 0.26.1-2-gb8aa6d0cf2 (webtiles) character file.

Game seed: 10650805491581322843

13967 nightchill the Grappler (level 11, -1/116 HPs)
             Began as a White Draconian Transmuter on Feb 28, 2021.
             Was the Champion of Cheibriados.
             Slain by a cane toad (2 damage)
             ... on level 2 of the Lair of Beasts on Mar 1, 2021.
             The game lasted 00:39:50 (15268 turns).

nightchill the Grappler (DrTm)                     Turns: 15268, Time: 00:39:51

Health: -1/116     AC:  8    Str: 31    XL:     11   Next: 82%
Magic:  14/17      EV: 11    Int: 35    God:    Cheibriados [******]
Gold:   654        SH:  0    Dex: 26    Spells: 4/14 levels left

rFire    x . .     SeeInvis .     - Unarmed
rCold    + + +     Faith    .   (shield currently unavailable)
rNeg     . . .     Spirit   .   (armour unavailable)
rPois    +         Reflect  .   (helmet currently unavailable)
rElec    .         Harm     .   (cloak currently unavailable)
rCorr    .         Rampage  .   (gloves currently unavailable)
Will     .....                  (boots currently unavailable)
Stlth    ++........             g - amulet of the acrobat
HPRegen  0.29/turn              a - ring of wizardry
MPRegen  0.15/turn              u - +6 ring of intelligence

@: lethally poisoned (-1 -> -11), ice-form, very slow
A: large, (breathe frost), unfitting armour, AC +7
a: End Transformation, Renounce Religion, Bend Time, Temporal Distortion,
Slouch, Step From Time


You were on level 2 of the Lair of Beasts.
You worshipped Cheibriados.
Cheibriados was exalted by your worship.
You were a creature of crystalline ice.
You visited 2 branches of the dungeon, and saw 12 of its levels.
You also visited: Sewer and Ossuary.

You collected 654 gold pieces.

Inventory:

Hand Weapons
 J - a +0 rapier
 K - a +0 lajatang
Missiles
 h - 37 poisoned darts
 y - 3 throwing nets
 M - 4 javelins
Armour
 G - a +2 buckler (melded)
Magical Staves
 E - an uncursed staff of poison {unknown}
Jewellery
 a - a ring of wizardry (left front paw)
 f - a +4 ring of evasion
 g - an amulet of the acrobat (around neck)
 u - a +6 ring of intelligence (right front paw)
 B - an uncursed ring of fire
 L - an uncursed ring of positive energy {unknown}
Wands
 x - a wand of iceblast (13)
 z - a wand of acid (24)
 H - a wand of flame (17)
 I - a wand of enslavement (11)
Scrolls
 c - 3 scrolls of noise
 j - 2 scrolls of blinking
 k - 5 scrolls of teleportation
 n - a scroll of enchant armour
 p - 3 scrolls of amnesia
 q - 4 scrolls of remove curse
 s - a scroll of enchant weapon {unknown}
 v - a scroll of fog
 A - a scroll of magic mapping
Potions
 b - 10 potions of curing
 d - a potion of cancellation
 e - 3 potions of flight
 i - 4 potions of heal wounds
 l - 2 potions of mutation
 m - 4 potions of attraction
 o - a potion of ambrosia {unknown}
 r - a potion of magic {unknown}
 t - 2 potions of lignification
 C - a potion of might {unknown}
 F - 2 potions of resistance {unknown}
Miscellaneous
 D - a phial of floods


   Skills:
 + Level 9.1 Fighting
 - Level 1.7 Dodging
 + Level 3.5 Shields
 * Level 12.0 Unarmed Combat
 - Level 2.0 Spellcasting
 + Level 8.1 Transmutations
 - Level 6.0 Ice Magic
 + Level 8.7 Invocations


You had 4 spell levels left.
You knew the following spells:

 Your Spells              Type           Power        Failure   Level
a - Beastly Appendage     Tmut           100%         1%          1
b - Ice Form              Ice/Tmut       52%          1%          4
c - Blade Hands           Tmut           28%          2%          5

Your spell library contained the following spells:

 Spells                   Type           Power        Failure   Level
 Wereblood                Tmut           57%          1%          2
 Spider Form              Tmut/Pois      16%          1%          3
 Animate Skeleton         Necr           6%           2%          1
 Apportation              Tloc           6%           2%          1
 Corona                   Hex            3%           2%          1
 Summon Small Mammal      Summ           12%          2%          1
 Petrify                  Tmut/Erth      32%          4%          4
 Confusing Touch          Hex            3%           7%          3
 Gell's Gravitas          Tloc           1%           7%          3
 Yara's Violent Unravell  Hex/Tmut       16%          12%         5
 Metabolic Englaciation   Hex/Ice        12%          17%         5


Dungeon Overview and Level Annotations

Branches:
Dungeon (9/15)             Temple (0/1) D:6            Lair (3/6) D:9
  Swamp (0/4) Lair:3        Sewer (visited)         Ossuary (visited)
  Snake: Lair:2-4    Spider: Lair:2-4       Orc: D:9-12

Altars:
Cheibriados
Dithmenos
Elyvilon
Fedhas
Hepliaklqana
Kikubaaqudgha
Nemelex Xobeh
Okawaru
Qazlal
Xom
Yredelemnul
Zin
The Shining One

Shops:
D:6 *

Annotations:
D:5 exclusion: downstairs
Lair:1 exclusion: oklob plant
Lair:2 exclusion: downstairs


Innate Abilities, Weirdness & Mutations

((You can breathe waves of freezing cold.))
((You can buffet flying creatures when you breathe cold.))
((Your icy white scales are hard. (AC +7)))
You cannot fit into any form of body armour.
((Your flesh is cold resistant. (rC+)))
((You are cold-blooded and may be slowed by cold attacks.))


Message History

You are too injured to fight recklessly!
You are too injured to fight recklessly!
You are too injured to fight recklessly!
You barely miss the cane toad.
The cane toad is almost dead.
The wyvern barely misses you. The yak gores you. The cane toad stings you!!
* * * LOW HITPOINT WARNING * * *
You barely miss the cane toad.
The cane toad is almost dead.
The wyvern barely misses you. The yak barely misses you.
The cane toad stings you!
* * * LOW HITPOINT WARNING * * *
You are poisoned.
The cane toad poisons you!
You hit the cane toad but do no damage.
The cane toad is almost dead.
You feel sick. The wyvern bites you!
* * * LOW HITPOINT WARNING * * *
The yak gores you but does no damage. The cane toad stings you.
You die...

##..## #...............#
##
#..P#####..............# #
##......................#
#
#.......................##
#
##P##..##................#
###.####P..............##
### ##............###
#..l........##
#####.Y.........#
###.##.F.Y.......##
###............#####
#...............#
#........(....#.#
##..........#P##.#
##..........####(##
#P.#.......## ###
#####....###


You could see a yak, a cane toad and a wyvern.

Vanquished Creatures
  2 two-headed ogres
  Nergalle (Lair:1)
  4 cane toads
  2 rime drakes
  2 komodo dragons (Lair:2)
  Prince Ribbit (Lair:1)
  12 blink frogs
  2 wraiths (Ossuary)
  8 yaks
  4 water moccasins
  4 orc warriors
  2 ice beasts
  2 sky beasts
  2 phantoms (D:6)
  2 black bears
  5 ogres
  5 wolves (Lair:3)
  3 centaurs
  11 bullfrogs
  A scorpion (D:7)
  A water moccasin zombie (D:6)
  4 killer bees (D:9)
  11 wights
  4 howler monkeys
  A centaur zombie (D:3)
  3 jellies (D:7)
  2 bullfrog zombies
  9 orc priests
  15 orc wizards
  A centaur skeleton (D:7)
  3 hounds
  A gnoll shaman (D:8)
  2 bullfrog skeletons (D:5)
  2 iguanas
  9 worker ants
  A hound skeleton (D:4)
  A mummy (D:6)
  19 adders
  7 gnolls
  A shadow imp (D:5)
  2 white imps
  3 ufetubi
  11 oozes
  4 adder zombies
  2 adder skeletons
  3 worms
  4 dart slugs
  19 leopard geckos
  32 orcs
  19 giant cockroaches
  13 goblins
  4 hobgoblins
  20 jackals
  9 kobolds
  6 quokkas
  12 ball pythons
  2 ball python skeletons (Ossuary)
  7 bats
  14 frilled lizards
  A hobgoblin skeleton (Ossuary)
  3 hobgoblin zombies (Ossuary)
  A jackal skeleton (D:4)
  A leopard gecko skeleton (D:5)
  A leopard gecko zombie (D:5)
  2 orc skeletons (Ossuary)
  An orc zombie (Ossuary)
  6 rats
  2 rat zombies (D:4)
376 creatures vanquished.

Vanquished Creatures (others)
  A centaur (D:5)
  3 worker ants (D:5)
  2 orcs (D:5)
  A quokka (D:5)
  3 fungi (Lair:3)
  A plant (D:9)
11 creatures vanquished.

Grand Total: 387 creatures vanquished

Notes
Turn   | Place    | Note
-------+----------+-------------------------------------------
     0 | D:1      | nightchill the Draconian Transmuter began the quest for the
                  | Orb.
     0 | D:1      | Reached XP level 1. HP: 16/16 MP: 3/3
    62 | D:1      | Reached XP level 2. HP: 17/23 MP: 3/5
   511 | D:1      | Reached XP level 3. HP: 28/29 MP: 4/6
   823 | D:2      | Found a snail-covered altar of Cheibriados.
   843 | D:2      | Reached skill level 4 in Unarmed Combat
   875 | D:2      | Became a worshipper of Cheibriados the Contemplative
  1294 | D:2      | Found a white marble altar of Elyvilon.
  1300 | D:2      | Reached XP level 4. HP: 36/37 MP: 5/7
  1353 | D:2      | Reached skill level 1 in Invocations
  1607 | D:2      | Reached * piety under Cheibriados
  2026 | D:3      | Found a glowing drain.
  2035 | Sewer    | Entered a sewer
  2045 | Sewer    | Reached XP level 5. HP: 44/44 MP: 8/8
  2111 | Sewer    | Reached ** piety under Cheibriados
  2140 | Sewer    | Reached skill level 5 in Unarmed Combat
  2265 | Sewer    | Learned a level 4 spell: Ice Form
  2474 | Sewer    | Reached *** piety under Cheibriados
  2557 | Sewer    | Reached XP level 6. HP: 48/51 MP: 7/9
  2877 | D:3      | Reached **** piety under Cheibriados
  3433 | D:3      | Your scales start taking on an icy white colour.
  3433 | D:3      | Reached XP level 7. HP: 58/58 MP: 8/10
  3433 | D:3      | Gained mutation: Your flesh is cold resistant. (rC+) [White
                  | Draconian growth]
  3514 | D:4      | Reached skill level 6 in Unarmed Combat
  3588 | D:4      | Found a sand-covered staircase.
  3601 | Ossuary  | Entered an ossuary
  3738 | Ossuary  | Noticed a wraith
  3738 | Ossuary  | Noticed a flying skull
  3746 | Ossuary  | Noticed a flying skull
  3748 | Ossuary  | Noticed a wraith
  3758 | Ossuary  | Killed a wraith
  3759 | Ossuary  | Reached skill level 1 in Ice Magic
  3821 | Ossuary  | Noticed a wraith
  3825 | Ossuary  | Killed a wraith
  3859 | Ossuary  | Noticed a flying skull
  3895 | Ossuary  | Noticed a flying skull
  3914 | Ossuary  | Noticed a flying skull
  3924 | Ossuary  | Reached XP level 8. HP: 67/67 MP: 9/11
  4017 | D:4      | Reached ***** piety under Cheibriados
  4112 | D:4      | Reached skill level 7 in Unarmed Combat
  4480 | D:4      | Reached skill level 5 in Fighting
  5187 | D:5      | Entered Level 5 of the Dungeon
  5346 | D:5      | Found a shimmering altar of Xom.
  5961 | D:5      | Found an iron altar of Okawaru.
  5961 | D:5      | Found a stormy altar of Qazlal.
  6185 | D:5      | Found a glowing golden altar of the Shining One.
  6613 | D:5      | Learned a level 5 spell: Blade Hands
  6643 | D:6      | Reached skill level 8 in Unarmed Combat
  6643 | D:6      | Reached skill level 5 in Invocations
  6648 | D:5      | Reached XP level 9. HP: 59/74 MP: 4/12
  7089 | D:6      | Found a staircase to the Ecumenical Temple.
  7405 | D:6      | Reached skill level 5 in Transmutations
  7570 | D:6      | Found Zin's Purification Station.
  7575 | D:6      | Found a glowing silver altar of Zin.
  7654 | D:6      | Reached ****** piety under Cheibriados
  7828 | D:6      | Found a snail-covered altar of Cheibriados.
  8016 | D:7      | Reached skill level 5 in Ice Magic
  8553 | D:7      | Reached skill level 9 in Unarmed Combat
  9306 | D:8      | Found a sparkling altar of Nemelex Xobeh.
  9634 | D:8      | Reached XP level 10. HP: 84/84 MP: 11/14
  9920 | D:8      | Found a shadowy altar of Dithmenos.
 10064 | D:8      | Noticed a two-headed ogre
 10072 | D:8      | Killed a two-headed ogre
 10073 | D:8      | Reached skill level 10 in Unarmed Combat
 10200 | D:8      | Found an ancient bone altar of Kikubaaqudgha.
 10277 | D:8      | Found a basalt altar of Yredelemnul.
 11311 | D:9      | Found a hazy altar of Hepliaklqana.
 11546 | D:9      | Noticed a two-headed ogre
 11555 | D:9      | Killed a two-headed ogre
 11851 | D:9      | Found a blossoming altar of Fedhas.
 12036 | D:9      | Found a staircase to the Lair.
 12318 | Lair:1   | Entered Level 1 of the Lair of Beasts
 12346 | Lair:1   | Reached XP level 11. HP: 75/94 MP: 12/16
 12361 | Lair:1   | Noticed Prince Ribbit
 12365 | Lair:1   | Killed Prince Ribbit
 12369 | Lair:1   | Reached skill level 11 in Unarmed Combat
 12372 | Lair:1   | Reached skill level 1 in Shields
 12697 | Lair:1   | Found a sparkling altar of Nemelex Xobeh.
 12698 | Lair:1   | Noticed an oklob plant
 12776 | Lair:1   | Noticed Nergalle
 12782 | Lair:1   | Killed Nergalle
 14808 | Lair:3   | Found a staircase to the Swamp.
 14974 | Lair:3   | Reached skill level 12 in Unarmed Combat
 15200 | Lair:3   | Noticed a five-headed hydra
 15258 | Lair:3   | Noticed a six-headed hydra
 15268 | Lair:2   | HP: 1/116 [wyvern (13)]
 15268 | Lair:2   | Slain by a cane toad

Illustrated notes

Levels and vault maps discovered:
D:1:      saegor_arrival_miasma, layout_rooms
D:2:      layout_rooms, elyvilon_altar_5, kennysheep_slug_shrine
D:3:      layout_basic, gup_sewer_entry_spiral
D:4:      layout_layer_cave, enter_ossuary_4
D:5:      layout_basic, xom_confusion_cloud, tso_altar,
          gammafunk_temple_overflow_wave, kennysheep_generic_room_15
D:6:      layout_basic, zin_purify, minmay_temple_entry_mist,
          hangedman_abyss_or_decor_slice, chei_slow_surprise
D:7:      minmay_skewed_foursquare, layout_loops_ring,
          chequers_serial_rivers_small_b, minmay_misc_feat_secret_circle
D:8:      layout_layer_cave, general_overflow_altar,
          nemelex_xobeh_ov_fountains_minmay, nicolae_overflow_crystal_walls,
          lemuel_round_altar, chequers_serial_rivers_small_a
D:9:      layout_irregular_city, nzn_hepliaklqana_mist_gate, old_standard_altar,
          dpeg_oklobed_lair
Lair:1:   layout_concentric_octagons, lemuel_oklob_altar, uniq_prince_ribbit2,
          uniq_nergalle
Lair:2:   layout_cave_pods
Lair:3:   layout_cave_pods, swamp_mist_pool, grunt_megastairs_3

Skill      XL: |  1  2  3  4  5  6  7  8  9 10 11 |
---------------+----------------------------------+-----
Fighting       | 2 3 4 5 6 8 9 |  9.1
Unarmed Combat | 4 5 6 8 9 10 12 | 12.0
Invocations    | 1 2 3 5 6 7 8 |  8.7
Transmutations | 3 4 5 7 8 |  8.1
Ice Magic      | 2 4 5 6 |  6.0
Shields        | 3 |  3.5
Dodging        | |  1.7
Spellcasting   | |  2.0

Action                   |  1- 3 |  4- 6 |  7- 9 | 10-12 || total
-------------------------+-------+-------+-------+-------++-------
Melee: Unarmed           |   114 |   216 |   292 |   206 ||   828
       Headbutt          |    14 |    27 |    17 |       ||    58
       Kick              |    14 |    47 |    33 |       ||    94
       Tailslap          |     8 |    28 |    23 |    10 ||    69
       Punch             |     1 |     4 |     7 |     3 ||    15
 Cast: Beastly Appendage |    20 |    45 |    16 |     1 ||    82
       Ice Form          |       |       |    28 |    35 ||    63
       Blade Hands       |       |       |     4 |     6 ||    10
 Abil: Breathe Frost     |       |       |     5 |       ||     5
       End Transformatio |       |       |       |     1 ||     1
  Use: Scroll            |     5 |     3 |     5 |     7 ||    20
 Stab: Sleeping          |     1 |     3 |    11 |       ||    15
       Distracted        |       |       |     1 |     1 ||     2
Armor: Skin              |    41 |    51 |    47 |    41 ||   180
Dodge: Dodged            |    83 |   157 |   283 |   186 ||   709
